AoeStats
← aDiGe

Lombardia

509445597Analyzed
4v4 RM · 5d ago on Sep 26, 2026· 75m 40s· 8 players
Game mode
Random Map
Map size
Large (8 player)
Population
200
Speed
Normal
Resources
Standard
Victory
Conquest
Starting age
Dark Age
Ending age
Imperial Age
RankedLock teamsTeams togetherTeam positionsShared explorationLock speedFull tech treeHidden civsTurbo modeCheats
Victory
Defeat
🇧🇷 Gurjaras · Brazil
979
+15
🇹🇷 Bohemians · Türkiye
900
+18
🇨🇳 Italians · China
892
+19
🇹🇷 Saracens · Türkiye
887
+19
🇱🇹 Vikings · Lithuania
999
-19
🇵🇱 Malians · Poland
954
-18
🇧🇪 Vietnamese · Belgium
948
-18
🇹🇷 Magyars · Türkiye
911
-16
bundy
13:16 Feudal Age
14:53 Horse Collar
15:02 Double-Bit Axe
15:12 Gold Mining
17:36 Castle Age
16:40 Stone Mining
20:55 Heavy Plow
25:06 Wheelbarrow
27:07 Hand Cart
29:29 Bow Saw
32:54 Imperial Age
30:54 Fletching
31:05 Padded Archer Armor
33:00 Bodkin Arrow
33:20 Leather Archer Armor
33:56 Ballistics
33:32 Murder Holes
34:38 Chemistry
33:43 Bracer
36:48 Stone Shaft Mining
37:17 Two-Man Saw
36:52 Crop Rotation
37:14 Ring Archer Armor
37:22 Hoardings
38:22 Elite Rattan Archer
45:09 Paper Money
48:19 Elite Skirmisher
49:32 Imperial Skirmisher
53:07 Forging
53:03 Scale Barding Armor
53:04 Husbandry
53:15 Bloodlines
52:26 Elite Battle Elephant
53:58 Chatras
54:35 Iron Casting
59:14 Chain Barding Armor
62:24 Plate Barding Armor
62:38 Caravan
62:49 Guilds
69:35 Pikeman
70:16 Squires
70:02 Arson
70:19 Scale Mail Armor
70:22 Light Cavalry
71:56 Halberdier
72:53 Chain Mail Armor
SevenLives <3
10:14 Loom
11:59 Feudal Age
14:24 Double-Bit Axe
15:42 Wheelbarrow
14:57 Town Watch
18:35 Horse Collar
18:49 Gold Mining
25:21 Castle Age
25:40 Stone Mining
27:12 Hand Cart
26:57 Town Patrol
33:09 Scale Barding Armor
33:39 Bow Saw
36:34 Imperial Age
34:40 Heavy Plow
35:17 Gold Shaft Mining
35:31 Bloodlines
35:22 Husbandry
36:53 Chain Barding Armor
36:24 Fletching
36:34 Padded Archer Armor
36:39 Light Cavalry
38:44 Two-Man Saw
37:51 Hussar
37:52 Cavalier
39:11 Plate Barding Armor
38:56 Bodkin Arrow
39:01 Padded Archer Armor
42:11 Masonry
41:42 Treadmill Crane
42:23 Ballistics
43:04 Chemistry
42:01 Murder Holes
41:36 Paladin
44:29 Paladin
46:39 Conscription
46:20 Recurve Bow
46:27 Corvinian Army
45:52 Elite Magyar Huszar
47:19 Hoardings
46:05 Elite Magyar Huszar
47:23 Bracer
47:39 Leather Archer Armor
48:21 Leather Archer Armor
47:31 Heavy Cavalry Archer
48:37 Parthian Tactics
48:18 Thumb Ring
50:11 Elite Skirmisher
53:02 Imperial Skirmisher
stasaitis
11:58 Feudal Age
10:14 Loom
16:43 Castle Age
14:42 Double-Bit Axe
15:22 Horse Collar
18:12 Scale Mail Armor
23:29 Heavy Plow
23:54 Squires
24:23 Forging
24:01 Arson
25:40 Chain Mail Armor
26:02 Gold Mining
26:28 Bow Saw
26:13 Stone Mining
30:01 Gold Shaft Mining
30:27 Fletching
34:40 Imperial Age
32:59 Iron Casting
32:20 Bodkin Arrow
35:32 Masonry
35:43 Ballistics
34:56 Elite Varangian Guard
36:11 Conscription
36:50 Plate Mail Armor
37:22 Blast Furnace
37:31 Chieftains
38:05 Architecture
37:32 Murder Holes
37:19 Treadmill Crane
37:40 Town Watch
39:30 Bracer
39:31 Padded Archer Armor
40:17 Crossbowman
41:27 Bogsveigar
42:05 Hoardings
41:47 Leather Archer Armor
42:34 Chemistry
41:17 Arbalester
46:56 Two-Man Saw
46:12 Fortified Wall
46:47 Town Patrol
48:00 Ring Archer Armor
47:42 Siege Engineers
47:32 Elite Skirmisher
50:34 Caravan
51:04 Coinage
54:48 Imperial Skirmisher
Helenka
9:14 Loom
11:02 Feudal Age
11:54 Double-Bit Axe
17:45 Castle Age
18:54 Wheelbarrow
18:05 Loom
32:32 Imperial Age
30:01 Horse Collar
30:41 Bow Saw
30:25 Gold Mining
30:39 Stone Mining
32:59 Hand Cart
32:51 Heavy Plow
33:14 Ballistics
33:10 Masonry
33:23 Forging
33:14 Scale Mail Armor
34:17 Chain Mail Armor
34:36 Crop Rotation
34:45 Iron Casting
33:35 Elite Gbeto
34:36 Conscription
35:03 Gold Shaft Mining
35:04 Stone Shaft Mining
35:32 Plate Mail Armor
44:12 Caravan
46:18 Padded Archer Armor
46:08 Fletching
49:16 Bodkin Arrow
49:37 Leather Archer Armor
50:13 Thumb Ring
Jairzin
13:05 Feudal Age
13:32 Horse Collar
13:48 Double-Bit Axe
19:19 Castle Age
18:08 Stone Mining
20:10 Bow Saw
20:04 Heavy Plow
21:04 Gold Mining
27:05 Husbandry
31:46 Town Watch
32:39 Wheelbarrow
32:20 Loom
35:51 Imperial Age
33:37 Hand Cart
34:43 Forging
34:39 Scale Barding Armor
35:06 Bloodlines
35:13 Kshatriyas
37:07 Gold Shaft Mining
35:58 Heavy Camel Rider
36:03 Elite Chakram Thrower
37:07 Conscription
37:10 Frontier Guards
37:34 Iron Casting
37:20 Chain Barding Armor
37:40 Fletching
38:15 Ballistics
46:11 Light Cavalry
50:56 Plate Barding Armor
59:27 Hussar
495556203
0:36 Loom
11:40 Feudal Age
13:00 Wheelbarrow
12:08 Horse Collar
12:16 Double-Bit Axe
12:32 Town Watch
13:20 Gold Mining
13:21 Stone Mining
19:24 Castle Age
20:30 Hand Cart
20:18 Heavy Plow
20:32 Bow Saw
21:06 Stone Shaft Mining
28:40 Padded Archer Armor
28:31 Fletching
28:51 Forging
29:02 Scale Mail Armor
29:08 Scale Barding Armor
29:25 Town Patrol
30:11 Ballistics
29:47 Murder Holes
29:51 Bodkin Arrow
30:11 Leather Archer Armor
33:42 Imperial Age
32:44 Iron Casting
32:30 Chain Barding Armor
32:24 Fortified Wall
33:29 Chain Mail Armor
33:25 Light Cavalry
34:16 Bloodlines
34:06 Husbandry
35:47 Chemistry
34:51 Bracer
35:21 Ring Archer Armor
35:52 Silk Road
37:04 Ring Archer Armor
37:11 Plate Barding Armor
38:01 Two-Man Saw
37:36 Crop Rotation
38:55 Blast Furnace
38:27 Plate Mail Armor
37:24 Hussar
40:21 Coinage
40:01 Guilds
39:52 Caravan
42:30 Hoardings
49:09 Banking
49:49 Elite Genoese Crossbowman
fbaha
0:45 Loom
13:35 Feudal Age
14:00 Horse Collar
14:06 Double-Bit Axe
14:38 Gold Mining
14:38 Stone Mining
16:41 Town Watch
18:58 Wheelbarrow
23:08 Castle Age
24:02 Heavy Plow
24:13 Bow Saw
25:16 Gold Shaft Mining
25:14 Fervor
26:39 Hand Cart
32:57 Fortified Wall
36:27 Imperial Age
34:48 Town Patrol
34:57 Scale Barding Armor
34:52 Scale Mail Armor
35:02 Forging
34:54 Caravan
37:17 Husbandry
38:04 Conscription
37:05 Elite Mameluke
38:47 Chemistry
38:11 Chain Barding Armor
38:06 Chain Mail Armor
38:27 Iron Casting
39:27 Two-Man Saw
40:23 Plate Barding Armor
40:18 Plate Mail Armor
43:51 Blast Furnace
48:31 Counterweights
62:50 Murder Holes
63:17 Ballistics
66:03 Capped Ram
aDiGe
0:45 Loom
14:40 Feudal Age
15:07 Double-Bit Axe
24:33 Castle Age
23:50 Padded Archer Armor
23:41 Fletching
25:43 Bow Saw
26:23 Caravan
26:47 Leather Archer Armor
29:29 Wagenburg Tactics
35:05 Imperial Age
34:13 Chemistry
33:34 Ballistics
34:17 Bodkin Arrow
35:35 Houfnice
37:34 Conscription
37:55 Ring Archer Armor
39:10 Two-Man Saw
38:06 Elite Hussite Wagon
66:07 Murder Holes
Connection lost

Rejoining the realm…

Still unreachable

The connection could not be restored.

Session expired

The server has moved on; the page needs a fresh start.